 BcadrenCrawl: Boulder Brew version 0.03.2.1-32-g00f802a9a0 (webtiles) character file.

Game seed: 5199066937369447843, levelgen mode: deterministic

28 esc the Whippersnapper (level 3, -4/20 HPs) Gargoyle Noble. Began on Jan 22, 2021. Slain by a mummy (10 damage) ... on level 1 of the Dungeon. The game lasted 00:02:18 (316 turns).

esc the Whippersnapper (Gargoyle Noble)              Turns: 316, Time: 00:02:19

Health: -4/20      AC:  8    Str: 14    XL:     3 ^: 41
Magic:  4/4        EV:  4    Int: 10    God:
Gold:   92         SH:  4    Dex: 13    Spells: 4/4 levels left

rFire    . . .     Vision   .   c - +0 demon whip
rCold    . . .     Gourm    .   d - +0 nunchaku
rNeg     + . .     Faith    .   e - +0 ring mail
rPois    ∞         Spirit   .   (no helmet)
rElec    +         Reflect  .   (no cloak)
rCorr    .         Harm     .   (no gloves)
MR       .....                  (no boots)
Stlth    +.........             (no amulet)
HPRegen  0.16/turn              (no ring)
MPRegen  0.14/turn              (no ring)

@: no status effects
A: negative energy resistance 1, electricity resistance, unbreathing,
petrification resistance, rot immunity, AC +3
a: no special abilities


You were on level 1 of the Dungeon.
You were not hungry.

You visited 1 branch of the dungeon, and saw 1 of its levels.
You also visited: Market.

You collected 70 gold pieces.
You spent 978 gold pieces at shops.

Inventory:

Weapons
 c - a +0 demon whip (weapon) Shields
 d - a +0 nunchaku (weapon)
Armour
 a - a +0 robe
 e - a +0 ring mail (worn)
Comestibles
 b - 2 rations
 f - 5 chunks of flesh


   Skills:
 - Level 1.1 Fighting
 + Level 2.7 Whips & Flails
 - Level 1.1 Stealth
 - Level 1.0 Spellcasting


You had 4 spell levels left.
You didn't know any spells.
Your spell library was empty.

Dungeon Overview and Level Annotations

Branches:
Dungeon (1/8)

Altars:


Innate Abilities, Weirdness & Mutations

You are resistant to torment.
Your stone body is resilient. (AC +3)
You are immune to poison.
You resist negative energy. (rN+)
You are resistant to electric shocks. (rElec)
You can survive without breathing.
You are immune to petrification.
You are immune to rotting.


Message History

The orc zombie hits you but does no damage.
You whack the orc zombie (9)!
You destroy the orc zombie!
No target in view!
No target in view!
A mummy comes into view.
The mummy hits you (14)!
Ouch! That really hurt!
* * * LOW HITPOINT WARNING * * *
You are too injured to fight recklessly!
You are too injured to fight recklessly!
Unknown command.
You aren't carrying any potions.
You barely miss the mummy. You sock the mummy (7)!
The mummy is moderately damaged. (13/20) HP You whack the mummy (11)!
You barely miss the mummy.
The mummy is almost destroyed. (2/20) HP The mummy hits you (10)!
Ouch! That really hurt!
You die...

..............≈≈.. ......# #≈≈###
#........÷...≈>≈........# #≈≈#.#
#...........≈≈.........##≈≈#.#
##.....................#≈≈≈#.# .#
#.)......######....#.≈#≈≈≈#.#
..####.......# #..#...##.≈≈≈≈≈#.#
.............# #..........≈≈≈≈..#
............≈#.#...........≈≈≈..#
......÷?...>≈#.M@.#.##.....≈≈≈≈..
...###....≈≈.######.##....≈≈≈≈P..
...##...............#....≈≈≈≈P≈..
..[##.#..................≈≈≈≈≈...
......#..........#.......≈≈≈≈≈≈..
..#...#.............##.#.≈P≈≈PP..
#####.#.............##...≈≈≈≈P...
.####...............###..÷P≈P....
.'..#..#..................≈≈≈≈^..


You could see a mummy.

Vanquished Creatures
  2 cinder newts (D:1)
  2 dart slugs (D:1)
  A leopard gecko (D:1)
  A hobgoblin (D:1)
  A goblin (D:1)
  2 hobgoblin zombies (D:1)
  A kobold zombie (D:1)
  An orc zombie (D:1)
  3 rats (D:1)
14 creatures vanquished.

Vanquished Creatures (others)
  2 plants (D:1)
2 creatures vanquished.

Grand Total: 16 creatures vanquished

Notes
Turn   | Place    | Note
-------+----------+-------------------------------------------
     0 | Start Ma | esc the Gargoyle Noble began the quest for the Orb.
     0 | Start Ma | Reached XP level 1. HP: 12/12 MP: 2/2
     0 | Start Ma | Found Pieckaa's Expert Tomes.
     2 | Start Ma | Found Soamaucw's Mashing MeleeMart.
    10 | Start Ma | Found Meiqyklae's Auxillary Armour.
    11 | Start Ma | Bought a +0 demon whip for 600 gold pieces
    32 | Start Ma | Bought a +0 nunchaku for 378 gold pieces
    39 | D:1      | esc set off with the following items: a +0 robe, a ration,
                  | a +0 demon whip, a +0 nunchaku
   104 | D:1      | Reached skill level 1 in Whips & Flails
   104 | D:1      | Reached XP level 2. HP: 13/16 MP: 3/3
   111 | D:1      | Reached skill level 2 in Whips & Flails
   188 | D:1      | Reached XP level 3. HP: 20/20 MP: 4/4
   316 | D:1      | Slain by a mummy

Levels and vault maps discovered:
D:1:      evilmike_arrival_fibonacci_small, layout_cave_pools,
          chequers_big_river, minmay_mini_ossuary

Skill      XL: |  1  2 |
---------------+-------+-----
Whips & Flails | 1 2 |  2.7
Fighting       | |  1.1
Stealth        | |  1.1
Spellcasting   | |  1.0

Action                   || total
-------------------------++-------
Melee: Demon whip        ||    16
       Nunchaku          ||     7
Armor: Ring mail         ||     4
